 Dungeon Crawl Stone Soup version 0.18-a0-1666-g3ea6f2b (console) character file.

3742 Liam the Thaumaturge (level 9, 0/48 HPs)
             Began as a Deep Elf Conjurer on Mar 31, 2016.
             Was a Believer of Vehumet.
             Slain by a killer bee (6 damage)
             ... on level 9 of the Dungeon.
             The game lasted 00:13:37 (9148 turns).

Liam the Thaumaturge (Deep Elf Conjurer)            Turns: 9148, Time: 00:13:38

Health: 0/48       AC:  5    Str:  5    XL:     9   Next: 93%
Magic:  4/26       EV: 13    Int: 24    God:    Vehumet [**....]
Gold:   254        SH:  0    Dex: 15    Spells: 5 memorised, 8 levels left

rFire  + . .     SeeInvis .     x - +2 dagger (venom)
rCold  + . .     Gourm    .     a - +0 robe
rNeg   . . .     Faith    .     (no shield)
rPois  .         Spirit   .     (no helmet)
rElec  .         Dismiss  .     H - +0 cloak
rCorr  .         Reflect  .     G - +1 pair of gloves
SustAt .         Harm     .     (no boots)
MR     .....                    u - amulet of magic regeneration
Stlth  ++........               y - ring of protection from cold
                                J - ring of protection from fire

@: not resistant to hostile enchantments, unstealthy
A: no striking features
a: Renounce Religion


You were on level 9 of the Dungeon.
You worshipped Vehumet.
Vehumet was pleased with you.
You were not hungry.

You visited 2 branches of the dungeon, and saw 10 of its levels.
You also visited: Bailey.

You collected 449 gold pieces.
You spent 195 gold pieces at shops.

Inventory:

Hand Weapons
 x - a +2 dagger of venom (weapon)
Armour
 a - a +0 robe (worn)
 G - a +1 pair of gloves (worn)
 H - a +0 cloak (worn)
Jewellery
 q - an uncursed ring of protection from magic
 u - an amulet of magic regeneration (around neck)
 y - a ring of protection from cold (right hand)
 J - a ring of protection from fire (left hand)
Scrolls
 d - 10 scrolls of identify
 g - a scroll of teleportation
 i - a scroll of enchant weapon
 l - 3 scrolls of fog {unknown}
 o - 3 scrolls of remove curse
 v - 2 scrolls of enchant armour
 A - a scroll of magic mapping
 B - a scroll of amnesia {unknown}
 D - 2 scrolls of fear
 E - 2 scrolls of random uselessness
Potions
 e - 5 potions of curing
 f - 3 potions of heal wounds {unknown}
 k - a potion of flight {unknown}
 m - 2 potions of haste
 n - 2 potions of agility {unknown}
 p - 4 potions of brilliance {unknown}
 r - a potion of lignification {unknown}
 s - 3 potions of magic {unknown}
 t - 2 potions of invisibility {unknown}
 w - 3 potions of mutation {unknown}
 F - a potion of beneficial mutation {unknown}
Books
 b - a book of Conjurations

   Spells                             Type                      Level
   a - Magic Dart                     Conjuration                  1
   b - Searing Ray                    Conjuration                  2
   c - Dazzling Spray                 Conjuration/Hexes            3
   d - Fulminant Prism                Conjuration/Hexes            4
   e - Iskenderun's Mystic Blast      Conjuration                  4
   f - Iskenderun's Battlesphere      Conjuration/Charms           5
 z - a book of Enchantments

   Spells                             Type                      Level
   a - Cause Fear                     Hexes                        4
   b - Yara's Violent Unravelling     Hexes/Transmutation          5
   c - Silence                        Hexes/Air                    5
   d - Deflect Missiles               Charms/Air                   6
   e - Haste                          Charms                       6
   f - Discord                        Hexes                        8
 C - a book of Cantrips

   Spells                             Type                      Level
   a - Corona                         Hexes                        1
   b - Animate Skeleton               Necromancy                   1
   c - Summon Small Mammal            Summoning                    1
   d - Apportation                    Translocation                1
 K - a book of Annihilations

   Spells                             Type                      Level
   a - Poison Arrow                   Conjuration/Poison           6
   b - Chain Lightning                Conjuration/Air              8
   c - Lehudib's Crystal Spear        Conjuration/Earth            8
   d - Glaciate                       Conjuration/Ice              9
   e - Fire Storm                     Conjuration/Fire             9
 L - a book of Maledictions

   Spells                             Type                      Level
   a - Corona                         Hexes                        1
   b - Ensorcelled Hibernation        Hexes/Ice                    2
   c - Confuse                        Hexes                        3
   d - Tukima's Dance                 Hexes                        3
   e - Dazzling Spray                 Conjuration/Hexes            3
Comestibles
 c - 9 bread rations
 h - 5 meat rations
 I - 7 fruits


   Skills:
 + Level 2.0 Fighting
 - Level 2.4 Dodging
 - Level 2.4 Stealth
 + Level 11.3 Spellcasting
 + Level 10.1 Conjurations
 - Level 9.0 Charms
 * Level 3.1 Air Magic


You had 8 spell levels left.
You knew the following spells:

 Your Spells              Type           Power        Failure   Level  Hunger
a - Magic Dart            Conj           ####         1%          1    None
h - Haste                 Chrm           ######..     21%         6    #####..
m - Deflect Missiles      Chrm/Air       #####.....   71%         6    #####..
p - Iskenderun's Battles  Conj/Chrm      ######..     2%          5    ####...
x - Iskenderun's Mystic   Conj           ######..     1%          4    None


Dungeon Overview and Level Annotations

Branches:
Dungeon (9/15)             Temple (1/1) D:7
   Lair: D:8-11         Orc: D:9-12

Altars:
Ashenzari
Cheibriados
Dithmenos
Elyvilon
Fedhas
Gozag
Kikubaaqudgha
Makhleb
Nemelex Xobeh
Okawaru
Pakellas
Qazlal
Ru
Sif Muna
Trog
Vehumet
Xom
Yredelemnul
Zin
The Shining One

Shops:
D:7 *


Message History

Aiming: Iskenderun's Mystic Blast
Press: ? - help, Shift-Dir - straight line, f - killer bee
Aim: a killer bee The orb of energy hits the killer bee.
You kill the killer bee!
Vehumet accepts your kill.
The orb of energy explodes!
The mystic blast hits the killer bee.
You kill the killer bee!
Vehumet accepts your kill.
You feel your power returning.
The mystic blast hits the big kobold.
The big kobold is heavily wounded.
Your battlesphere fires!
The kobold hits your battlesphere. The killer bee misses you.
Unknown command.
Unknown command.
The killer bee closely misses you. The killer bee stings you.
* * * LOW HITPOINT WARNING * * *
The killer bee stings you.
You die...

#.....####.......# #†#
##....#
###...#.######### #..
##<#.# #...#.....>...#
### #.#.#
#############.# #.#.#
#.# #.#.# #.#
#.#.################
#.#####
##.#.##.........<...#
#......
...........@######.#
####### .##
#..###'###.y# #.# #
<...#..#*....#.l# #.# #
#...(#.†...#..# #.# #
#..).)_††KK## #.# #
#....)#.†.KK#.# #.# #
##..).#....†#.# ###.###
# #.....###'###.#
#.....# # ...#...
.......#####.###.#######


You could see a killer bee, a giant gecko and 3 kobolds.

Vanquished Creatures
  A merfolk (D:9)
  A hungry ghost (D:7)
  A mottled dragon (D:9)
  A water moccasin (D:7)
  2 orc warriors
  A sky beast (D:9)
  2 ice beasts
  2 necrophages (D:9)
  6 ogres
  3 phantoms
  3 centaurs
  2 giant frogs
  A jelly (D:6)
  3 scorpions
  5 killer bees (D:9)
  2 howler monkeys (D:9)
  A crimson imp (D:9)
  3 orc priests
  A centaur skeleton (D:9)
  7 hounds
  2 orc wizards
  An iguana (D:5)
  3 worker ants
  2 worker ant zombies
  13 adders
  5 gnolls
  A howler monkey skeleton (D:8)
  A shadow imp (D:5)
  An ooze (D:7)
  2 adder skeletons
  6 worms
  4 dart slugs
  6 giant geckos
  22 orcs
  2 ball pythons
  9 bats
  5 giant cockroaches
  13 goblins
  8 hobgoblins
  13 jackals
  3 quokkas
  2 giant gecko skeletons (D:4)
  4 giant newts
  5 kobolds
  A quokka zombie (D:5)
  5 rats
187 creatures vanquished.

Notes
Turn   | Place    | Note
--------------------------------------------------------------
     0 | D:1      | Liam the Deep Elf Conjurer began the quest for the Orb.
     0 | D:1      | Reached XP level 1. HP: 10/10 MP: 6/6
   304 | D:1      | Reached XP level 2. HP: 15/15 MP: 4/8
   935 | D:2      | Reached skill level 4 in Spellcasting
   935 | D:2      | Reached XP level 3. HP: 19/19 MP: 5/10
   987 | D:2      | Reached skill level 5 in Conjurations
  1151 | D:2      | Reached XP level 4. HP: 24/24 MP: 4/12
  1485 | D:2      | Reached skill level 5 in Spellcasting
  2257 | D:3      | HP: 1/24 [gnoll/halberd (5)]
  2610 | D:3      | Reached XP level 5. HP: 28/28 MP: 8/15
  2914 | D:3      | Reached skill level 6 in Spellcasting
  3217 | D:3      | Reached XP level 6. HP: 26/32 MP: 12/17
  3253 | D:3      | Learned a level 4 spell: Iskenderun's Mystic Blast
  3259 | D:3      | Learned a level 5 spell: Iskenderun's Battlesphere
  3475 | D:3      | Found a glowing silver altar of Zin.
  3559 | D:4      | Reached skill level 1 in Charms
  3847 | D:4      | Found a sacrificial altar of Ru.
  4202 | D:4      | Reached skill level 7 in Spellcasting
  4618 | D:5      | Entered Level 5 of the Dungeon
  4629 | D:5      | Reached XP level 7. HP: 20/36 MP: 1/19
  5032 | D:5      | Reached skill level 8 in Spellcasting
  5303 | D:5      | Reached skill level 5 in Charms
  5480 | D:5      | Reached XP level 8. HP: 41/41 MP: 17/22
  6349 | D:6      | Reached skill level 9 in Spellcasting
  6741 | D:7      | Found a staircase to the Ecumenical Temple.
  6825 | D:7      | Found a shattered altar of Ashenzari.
  7025 | D:7      | Reached skill level 10 in Spellcasting
  7025 | D:7      | Reached XP level 9. HP: 33/45 MP: 12/25
  7073 | Temple   | Entered the Ecumenical Temple
  7136 | Temple   | Became a worshipper of Vehumet
  7298 | D:7      | Found Haocram's General Store.
  7301 | D:7      | Bought a scroll of identify for 26 gold pieces
  7301 | D:7      | Bought a scroll of remove curse for 39 gold pieces
  7301 | D:7      | Bought a potion of haste for 130 gold pieces
  7375 | D:7      | Found an iron altar of Okawaru.
  7375 | D:7      | Found a basalt altar of Yredelemnul.
  7450 | D:7      | Noticed a moth of wrath
  7452 | D:7      | Found a bloodstained altar of Trog.
  7758 | D:8      | Found a flagged portal.
  7824 | Bailey   | Entered a bailey
  7824 | Bailey   | Noticed Duffy's ghost (novice VSFi)
  8134 | D:8      | Reached * piety under Vehumet
  8134 | D:8      | Offered knowledge of Freeze by Vehumet.
  8526 | D:8      | Found a sparkling altar of Nemelex Xobeh.
  8526 | D:8      | Found a stormy altar of Qazlal.
  8764 | D:9      | Reached skill level 11 in Spellcasting
  8772 | D:9      | Learned a level 6 spell: Haste
  8779 | D:9      | Learned a level 6 spell: Deflect Missiles
  8839 | D:9      | Reached skill level 1 in Air Magic
  8962 | D:9      | Noticed a merfolk
  8967 | D:9      | Killed a merfolk
  8967 | D:9      | Reached skill level 1 in Fighting
  8967 | D:9      | Reached skill level 10 in Conjurations
  9082 | D:9      | Found an oddly glowing altar of Pakellas.
  9138 | D:9      | Offered knowledge of Shock by Vehumet.
  9145 | D:9      | Reached ** piety under Vehumet
  9148 | D:9      | Slain by a killer bee

Vault maps used:
D:1:      eino_arrival_tree_alley
D:2:      minivault_24
D:3:      zin_statuary
D:4:      nicolae_ru_path_of_blood, first_bread
D:7:      nicolae_ashenzari_panopticon, tgw_trog,
          gammafunk_temple_overflow_wave, minmay_temple_entry_large_hall,
          serial_shops, kennysheep_mini_moat
D:8:      gammafunk_temple_overflow_pools, enter_bailey_3
D:9:      hangedman_fish_farm, johnstein_pakellas_death_squad
Temple:   temple_eino_lava_12
Bailey:   bailey_polearm_gnolls_kennysheep, bailey

Skill      XL: |  1  2  3  4  5  6  7  8  9 |
---------------+----------------------------+-----
Spellcasting   | 4 5 6 7 8 10 11 | 11.3
Conjurations   | 5 6 7 9 10 | 10.1
Charms         | 3 5 8 9 |  9.0
Air Magic      | 3 |  3.1
Fighting       | 2 |  2.0
Dodging        | |  2.4
Stealth        | |  2.4

Action                   |  1- 3 |  4- 6 |  7- 9 || total
-------------------------+-------+-------+-------++-------
 Cast: Magic Dart        |    55 |   188 |   228 ||   471
       Iskenderun's Myst |       |     3 |    44 ||    47
       Iskenderun's Batt |       |       |    18 ||    18
       Haste             |       |       |     1 ||     1
  Use: Scroll            |       |       |     9 ||     9
       Potion            |       |       |     2 ||     2
  Eat: Chunk             |     1 |     9 |    13 ||    23
       Pizza             |       |       |     3 ||     3
       Beef jerky        |       |       |     1 ||     1
       Fruit             |       |       |     2 ||     2
